 Dungeon Crawl Stone Soup version 0.24.0-123-gd5b16e6ec5 (webtiles) character file.

Game seed: 3853999062077068331, levelgen mode: deterministic

9723 manon the Covert (level 11, -2/45 HPs)
             Began as a Felid Earth Elementalist on Feb 2, 2020.
             Was an Elder of Sif Muna.
             Slain by a sixfirhy (10 damage)
             ... on level 2 of the Abyss on Feb 3, 2020.
             The game lasted 04:15:45 (33876 turns).

manon the Covert (Felid Earth Elementalist)        Turns: 33876, Time: 04:15:45

Health: -2/45      AC:  3    Str:  4    XL:     11   Next: 26%
Magic:  21/21      EV: 23    Int: 22    God:    Sif Muna [****..]
Gold:   1145       SH:  0    Dex: 15    Spells: 3/22 levels left
                                        Lives:  0   Deaths: 3

rFire    + . .     SeeInvis +   (weapon unavailable)
rCold    + + +     Gourm    .   (shield unavailable)
rNeg     + . .     Faith    .   (armour unavailable)
rPois    +         Spirit   .   (helmet unavailable)
rElec    .         Reflect  .   (cloak unavailable)
rCorr    .         Harm     .   (gloves unavailable)
MR       +....                  (boots unavailable)
Stlth    +++.......             (no amulet)
HPRegen  0.00/turn              t - ring "Xauj" {rF+ rC+ Dex+3}
MPRegen  0.17/turn              r - ring of Uwapuomi {rPois rC++ rN+ Slay+2}

@: confused, about to teleport, quick
A: very small, no armour, no weapons or thrown items, stealth, claws 1, fangs 3,
see invisible, carnivore, [clumsy 2], speed 1, shaggy fur 3, [inhibited
regeneration], slow metabolism 1, [subdued magic 2], sharp paws
a: Channel Magic, Forget Spell, Divine Exegesis, Renounce Religion


You were on level 2 of the Abyss.
You worshipped Sif Muna.
Sif Muna was greatly pleased with you.
You were not hungry.

You visited 3 branches of the dungeon, and saw 22 of its levels.
You visited the Abyss 1 time.

You collected 1145 gold pieces.

Inventory:

Hand Weapons
 F - a +0 club
Missiles
 b - 166 stones
Jewellery
 h - a +3 ring of dexterity
 r - the ring of Uwapuomi (right paw) {rPois rC++ rN+ Slay+2}
   (You took it off a wight on level 9 of the Dungeon)

   [ring of positive energy]

   It affects your accuracy and damage with ranged weapons and melee attacks
   (+2).
   It greatly protects you from cold.
   It protects you from poison.
   It protects you from negative energy.
 t - the ring "Xauj" (left paw) {rF+ rC+ Dex+3}
   (You found it on level 7 of the Dungeon)

   [ring of protection from cold]

   It affects your dexterity (+3).
   It protects you from fire.
   It protects you from cold.
 A - the ring "Fibbaeqage" {Str+5 Dex-3 Stlth+}
   (You acquired it on level 12 of the Dungeon)

   [ring of stealth]

   It affects your strength (+5).
   It affects your dexterity (-3).
   It makes you more stealthy.
 C - an uncursed ring of ice
 H - a +2 ring of dexterity
Wands
 o - a wand of polymorph (15)
 w - a wand of iceblast (7)
 E - a wand of random effects (14)
Scrolls
 a - a scroll of teleportation
 e - 8 scrolls of remove curse
 f - 5 scrolls of magic mapping
 i - a scroll of immolation
 j - 3 scrolls of identify
 m - a scroll of blinking
 p - 2 scrolls of fog
 y - 5 scrolls of amnesia
 D - a scroll of summoning {unknown}
 I - a scroll of torment {unknown}
Potions
 d - 3 potions of flight
 k - 4 potions of mutation
 l - 4 potions of brilliance
 n - a potion of might
 s - 3 potions of curing
 u - a potion of cancellation
 v - a potion of heal wounds
 x - 3 potions of haste
 z - a potion of invisibility {unknown}
 B - a potion of berserk rage {unknown}
Miscellaneous
 q - a crystal ball of energy
 G - a fan of gales
Comestibles
 c - 25 rations


   Skills:
 + Level 3.9 Fighting
 + Level 8.5 Dodging
 + Level 13.0 Stealth
 + Level 6.1 Spellcasting
 + Level 9.7 Conjurations
 - Level 7.0 Transmutations
 + Level 3.1 Fire Magic
 - Level 3.0 Air Magic
 + Level 9.7 Earth Magic
 - Level 3.0 Poison Magic
 - Level 9.2 Invocations
 - Level 4.0 Evocations


You had 3 spell levels left.
You knew the following spells:

 Your Spells              Type           Power        Failure   Level  Hunger
a - Sandblast             Erth           ####..       1%          1    None
b - Stone Arrow           Conj/Erth      ####..       1%          3    #......
c - Conjure Flame         Conj/Fire      ###.....     1%          3    #......
d - Magic Dart            Conj           ####         1%          1    None
m - Mephitic Cloud        Conj/Pois/Air  ###.....     1%          3    #......
p - Petrify               Tmut/Erth      ####....     1%          4    ###....
s - Sticky Flame          Conj/Fire      ###.....     3%          4    ###....

Your spell library contained the following spells:

 Spells                   Type           Power        Failure   Level  Hunger
 Passwall                 Tmut/Erth      ####....     1%          2    None
 Poisonous Vapours        Pois/Air       ##....       2%          2    None
 Summon Butterflies       Summ           #.......     5%          1    None
 Blink                    Tloc           N/A          10%         2    None
 Call Imp                 Summ           #.......     10%         2    None
 Slow                     Hex            #.......     10%         2    None
 Lee's Rapid Deconstruct  Erth           ####......   2%          5    #####..
 Bolt of Magma            Conj/Fire/Erth ###.......   7%          5    #####..
 Leda's Liquefaction      Hex/Erth       ###.......   8%          4    ###....
 Iron Shot                Conj/Erth      ####......   19%         6    ######.
 Statue Form              Tmut/Erth      ####.....    32%         6    ######.
 Freezing Cloud           Conj/Ice/Air   ###.......   90%         6    ######.
 Ring of Flames           Chrm/Fire      #.........   100%        7    #######
 Ignition                 Fire           ##........   100%        8    #######
 Shatter                  Erth           ####......   100%        9    #######


Dungeon Overview and Level Annotations

Branches:
Dungeon (15/15)            Temple (1/1) D:6            Lair (6/6) D:8
 Shoals (0/4) Lair:4        Snake (0/4) Lair:4          Orc (0/2) D:11
 Vaults (0/5) D:14
  Slime: Lair:5-6    Depths: D:15

Altars:
Ashenzari
Cheibriados
Dithmenos
Elyvilon
Fedhas
Hepliaklqana
Kikubaaqudgha
Makhleb
Nemelex Xobeh
Okawaru
Qazlal
Ru
Sif Muna
Trog
Vehumet
Wu Jian
Xom
Yredelemnul
Zin
The Shining One
Jiyva

Shops:
D:8 [   D:11 :

Portals:
Trove: D:12 (give 11 potions of heal wounds)

Annotations:
D:3 Jessica, Sigmund
D:4 exclusions: ogre and orc priest, Blork the orc
D:5 1 runed translucent door, exclusions: centaur, sky beast and 1 more exclusion
D:6 exclusions: 2 orcs and orc wizard, Prince Ribbit
D:7 2 transporters, exclusions: centaur and phantom, MisterT's ghost, novice GrGl
D:9 exclusion: 2 killer bees, Psyche
D:10 Erolcha
D:11 exclusion: ugly thing
D:13 exclusions: centaur warrior and hydra
D:15 exclusions: centaur warrior, shadow and 2 ugly things
Lair:1 3 runed translucent doors, exclusions: fire dragon and hydra, Nebesus's ghost, novice MiBe
Lair:2 exclusion: 2 black mambas
Lair:4 exclusions: oklob plant and spriggan


Innate Abilities, Weirdness & Mutations

You cannot wear armour.
You are incapable of wielding weapons or throwing items.
Your paws allow you to move quietly. (Stealth)
You have sharp claws.
You have razor-sharp teeth.
You have supernaturally acute eyesight. (SInv)
You are carnivorous and can eat meat at any time.
You cover ground quickly.
Your thick and shaggy fur keeps you warm. (AC +3, rC+)
You have a slow metabolism.
Your sharp claws are effective at attacking unaware monsters.
[You are very clumsy. (Dex -4)]
[You do not regenerate when monsters are visible.]
[Your spells are easier to cast, but less powerful.]


Message History

The stone arrow hits the ynoxinul!!
You kill the ynoxinul!
Sif Muna accepts your kill.
You start resting.
Magic restored.
A sixfirhy comes into view.
You start resting.
The sixfirhy closely misses you. The sixfirhy hits you!
The sixfirhy shocks you! The sixfirhy misses you.
As you read the scroll of teleportation, it crumbles to dust.
You feel strangely unstable.
You feel the power of the Abyss delaying your translocation!
The sixfirhy closely misses you.
You are confused.
You feel invigorated. The sixfirhy hits you! The sixfirhy shocks you!
* * * LOW HITPOINT WARNING * * *
The sixfirhy barely misses you. The sixfirhy misses you. The sixfirhy hits you.
* * * LOW HITPOINT WARNING * * *
The sixfirhy shocks you!
You die...

####
##3@#
###ยง###
. ...
##.## #
# 3.# .
.## # .#
. .X. .
## .# .
.


You could see a sixfirhy.

Vanquished Creatures
  Nessos (D:14)
  Josephine (D:12)
  A two-headed ogre (D:11)
  Sonja (D:12)
  An unseen horror (D:10)
  6 wizards (D:12)
  3 manticores
  An orc sorcerer (D:12)
  2 deep elf magi (D:12)
  A cyclops (D:14)
  A centaur zombie (D:15)
  7 black mambas
  A gargoyle (D:10)
  6 spiny frogs
  5 komodo dragons
  A rime drake (Lair:4)
  2 polar bears
  6 trolls
  10 hippogriffs
  19 blink frogs
  2 wyverns
  14 yaks
  3 wraiths (D:12)
  A ynoxinul (Abyss:2)
  3 basilisks
  4 humans
  3 hungry ghosts
  A steam dragon (D:11)
  2 vampire mosquitoes (D:12)
  A soldier ant (D:11)
  A naga (Lair:5)
  A two-headed ogre zombie (D:11)
  7 water moccasins
  8 porcupines
  An orc warrior (D:10)
  2 ice beasts
  An eye of draining (D:11)
  3 phantoms
  2 black bears
  3 sky beasts
  15 wolves
  14 centaurs
  8 ogres
  12 crocodiles
  2 big kobolds
  12 bullfrogs
  2 water moccasin zombies
  3 scorpions
  3 troll zombies
  2 killer bees (D:7)
  A water moccasin skeleton (D:7)
  11 wights
  2 howler monkeys (D:8)
  3 crimson imps
  A bullfrog zombie (D:5)
  An orc priest (D:11)
  2 quasits
  9 hounds
  2 jellies
  10 orc wizards
  3 centaur skeletons
  4 iguanas
  2 bullfrog skeletons
  8 hell rats (Lair:3)
  5 worker ants
  4 ogre zombies (D:11)
  A hound zombie (D:7)
  A worker ant zombie (D:8)
  A howler monkey skeleton (D:7)
  13 adders
  13 river rats (Lair:3)
  2 shadow imps
  2 oozes
  An adder skeleton (D:4)
  6 worms
  2 dart slugs
  6 leopard geckos
  17 orcs
  10 giant cockroaches
  5 goblins
  6 hobgoblins
  2 jackals (D:2)
  10 quokkas
  2 ball pythons
  7 bats
  6 frilled lizards
  A goblin skeleton (D:11)
  3 goblin zombies (D:11)
  2 hobgoblin skeletons (D:11)
  2 hobgoblin zombies (D:11)
  14 kobolds
  3 orc skeletons (D:11)
  14 orc zombies (D:11)
  A quokka skeleton (D:4)
  16 rats
449 creatures vanquished.

Vanquished Creatures (collateral kills)
  A water moccasin (Lair:4)
  A wolf (Lair:4)
2 creatures vanquished.

Vanquished Creatures (others)
  An orc priest (D:11)
  A bush (Lair:4)
  25 fungi
  37 plants
  2 starspawn tentacles (Abyss:2)
  A toadstool (Lair:2)
67 creatures vanquished.

Grand Total: 518 creatures vanquished

Notes
Turn   | Place    | Note
-------+----------+-------------------------------------------
     0 | D:1      | manon the Felid Earth Elementalist began the quest for the
                  | Orb.
     0 | D:1      | Reached XP level 1. HP: 7/7 MP: 4/4
   281 | D:1      | Reached skill level 3 in Stealth
   371 | D:1      | Reached XP level 2. HP: 7/11 MP: 0/6
  1494 | D:2      | Reached XP level 3. HP: 8/14 MP: 2/7
  1715 | D:2      | Learned a level 3 spell: Stone Arrow
  2243 | D:2      | Reached XP level 4. HP: 16/18 MP: 2/8
  2702 | D:3      | Noticed Sigmund
  2702 | D:3      | Noticed Jessica
  2759 | D:3      | Reached skill level 4 in Stealth
  3404 | D:3      | Reached skill level 1 in Conjurations
  3833 | D:4      | Noticed Blork the orc
  3875 | D:4      | Noticed an ogre
  4070 | D:3      | Killed an ogre
  4070 | D:3      | Reached XP level 5. HP: 21/21 MP: 6/10
  4555 | D:4      | Gained mutation: You are covered in thick fur. (AC +2)
                  | [Felid growth]
  4555 | D:4      | Reached XP level 6. HP: 11/24 MP: 3/11
  5520 | D:5      | Entered Level 5 of the Dungeon
  5590 | D:5      | Noticed a sky beast
  5945 | D:5      | Reached XP level 7. HP: 21/27 MP: 1/12
  6186 | D:5      | Found a runed translucent door.
  6603 | D:5      | Found a stormy altar of Qazlal.
  6934 | D:6      | Reached skill level 5 in Conjurations
  6934 | D:6      | Reached skill level 5 in Earth Magic
  6984 | D:6      | Found a staircase to the Ecumenical Temple.
  6993 | Temple   | Entered the Ecumenical Temple
  7146 | Temple   | Became a worshipper of Sif Muna the Loreminder
  7300 | D:6      | Noticed Prince Ribbit
  7355 | D:7      | Found a shimmering altar of Xom.
  7694 | D:7      | Reached skill level 5 in Stealth
  7694 | D:7      | Reached skill level 1 in Invocations
  7812 | D:7      | Found a transporter.
  7822 | D:7      | Noticed MisterT's ghost (novice GrGl)
  7834 | D:7      | Found a transporter.
  7933 | D:7      | Reached XP level 8. HP: 31/31 MP: 3/13
  8061 | D:7      | Got a brightly glowing iron ring
  8236 | D:7      | HP: 1/31 [killer bee (8)]
  9371 | D:6      | Found a radiant altar of Vehumet.
  9372 | D:6      | Found a sacrificial altar of Ru.
  9375 | D:6      | Found a snail-covered altar of Cheibriados.
  9428 | D:6      | Found a stormy altar of Qazlal.
  9657 | D:8      | Found Zofresam's Armour Boutique.
  9670 | D:8      | Reached skill level 6 in Stealth
 10131 | D:8      | Identified the ring "Xauj" {rF+ rC+ Dex+3} (You found it on
                  | level 7 of the Dungeon)
 10194 | D:8      | Noticed a hippogriff
 10352 | D:8      | Noticed a komodo dragon
 10362 | D:8      | Found a staircase to the Lair.
 10842 | D:8      | Reached skill level 7 in Stealth
 10877 | D:8      | Found a shadowy altar of Dithmenos.
 11150 | D:8      | Reached XP level 9. HP: 34/34 MP: 8/14
 11792 | Lair:1   | Entered Level 1 of the Lair of Beasts
 11895 | Lair:1   | Noticed a komodo dragon
 12163 | Lair:1   | Noticed a fire dragon
 12365 | Lair:1   | Killed a komodo dragon
 12399 | Lair:1   | Noticed a komodo dragon
 12538 | Lair:1   | Reached * piety under Sif Muna
 12538 | Lair:1   | Reached skill level 8 in Stealth
 12629 | Lair:1   | Reached skill level 1 in Evocations
 12775 | Lair:1   | You fall into a shaft and drop 1 floor!
 12853 | Lair:1   | Noticed a seven-headed hydra
 13112 | Lair:1   | Noticed a spiny frog
 13152 | Lair:1   | Killed a spiny frog
 13347 | Lair:1   | Reached skill level 5 in Invocations
 13446 | Lair:1   | Found a runed translucent gate.
 13446 | Lair:1   | Found a runed translucent gate.
 13446 | Lair:1   | Found a runed translucent gate.
 13449 | Lair:1   | Noticed a death ooze
 13449 | Lair:1   | Noticed Nebesus's ghost (novice MiBe)
 13602 | Lair:1   | Found a viscous altar of Jiyva.
 13745 | Lair:2   | Reached skill level 9 in Stealth
 13851 | Lair:2   | Reached XP level 10. HP: 37/37 MP: 9/16
 13906 | Lair:2   | Noticed an elephant
 13912 | Lair:2   | Noticed an elephant
 13951 | Lair:2   | Noticed a black mamba
 13971 | Lair:2   | Noticed an elephant
 14511 | Lair:2   | Noticed a black mamba
 14577 | Lair:2   | Noticed an elephant
 14692 | Lair:3   | You fall into a shaft and drop 2 floors!
 14692 | Lair:5   | Noticed a black mamba
 14719 | Lair:4   | Noticed a spiny frog
 15047 | Lair:3   | Noticed a spiny frog
 16574 | Lair:2   | Killed a black mamba
 16574 | Lair:2   | Reached skill level 10 in Stealth
 16923 | D:9      | Noticed Psyche
 17303 | D:8      | Learned a level 4 spell: Petrify
 17526 | D:9      | Learned a level 3 spell: Conjure Flame
 17530 | D:9      | Learned a level 3 spell: Mephitic Cloud
 17639 | D:9      | Reached skill level 1 in Poison Magic
 17909 | D:9      | Identified the ring of Uwapuomi {rPois rC++ rN+ Slay+2}
 17997 | D:9      | Reached ** piety under Sif Muna
 18529 | D:9      | Reached skill level 1 in Fire Magic
 18529 | D:9      | Reached XP level 11. HP: 40/40 MP: 11/17
 18574 | D:9      | Found a white marble altar of Elyvilon.
 18708 | D:10     | Entered Level 10 of the Dungeon
 19843 | D:10     | Noticed Erolcha
 19877 | D:10     | Noticed an unseen horror
 20087 | Lair:3   | Reached skill level 1 in Air Magic
 20652 | Lair:3   | Reached *** piety under Sif Muna
 21079 | Lair:3   | Reached skill level 11 in Stealth
 22106 | Lair:4   | Found an ancient bone altar of Kikubaaqudgha.
 22190 | Lair:4   | Mangled by a black mamba
 22191 | Lair:4   | Reached XP level 10. HP: -9/37 MP: 5/17
 22273 | Lair:4   | Noticed an oklob plant
 22295 | Lair:4   | Killed a black mamba
 22441 | Lair:4   | Noticed a black mamba
 22469 | Lair:4   | Killed a black mamba
 22469 | Lair:4   | Reached **** piety under Sif Muna
 22838 | Lair:4   | Reached XP level 11. HP: 28/40 MP: 0/19
 23204 | Lair:4   | Reached skill level 5 in Spellcasting
 23848 | Lair:4   | Found a staircase to the Snake Pit.
 23855 | Lair:4   | Reached skill level 5 in Dodging
 24090 | Lair:4   | Found a staircase to the Shoals.
 25119 | Lair:5   | Reached skill level 12 in Stealth
 25162 | Lair:5   | Reached skill level 5 in Transmutations
 25994 | Lair:5   | Gained mutation: Your thick and shaggy fur keeps you warm.
                  | (AC +3, rC+) [Felid growth]
 25994 | Lair:5   | Reached XP level 12. HP: 34/44 MP: 8/20
 26069 | Lair:6   | Entered Level 6 of the Lair of Beasts
 26069 | Lair:6   | Noticed a death yak
 26069 | Lair:6   | Noticed a death yak
 26069 | Lair:6   | Noticed a death yak
 26069 | Lair:6   | Noticed a death yak
 26070 | Lair:6   | Noticed a death yak
 26071 | Lair:6   | Noticed a death yak
 26956 | D:11     | Found Qapliasu's Book Emporium.
 27603 | D:11     | Reached skill level 1 in Fighting
 27870 | D:11     | Reached ***** piety under Sif Muna
 27899 | D:11     | Identified Sif Muna's Handbook of Fiery Creation (Sif Muna
                  | gifted it to you on level 11 of the Dungeon)
 27899 | D:11     | Received a gift from Sif Muna
 27906 | D:11     | Learned a level 4 spell: Sticky Flame
 28213 | D:11     | Found a staircase to the Orcish Mines.
 28587 | D:11     | Learned a level 1 spell: Magic Dart
 28610 | D:11     | Noticed a two-headed ogre
 28705 | D:11     | Killed a two-headed ogre
 29300 | D:12     | Found a portal to a secret trove of treasure.
 29358 | D:12     | Noticed Josephine
 29411 | D:12     | Killed Josephine
 30365 | D:12     | Identified a scroll of acquirement
 30375 | D:12     | Got a slimy brass ring
 30377 | D:12     | Identified the ring "Fibbaeqage" {Str+5 Dex-3 Stlth+} (You
                  | acquired it on level 12 of the Dungeon)
 30813 | D:12     | You fall into a shaft and drop 2 floors!
 30813 | D:14     | Found a gate to the Vaults.
 30814 | D:14     | Noticed a two-headed ogre
 30814 | D:14     | Noticed Nessos
 30814 | D:14     | Noticed an ice dragon
 31231 | D:14     | Killed Nessos
 31381 | D:14     | Noticed a tengu warrior
 31514 | D:13     | Noticed a centaur warrior
 31579 | D:13     | Noticed an eight-headed hydra
 31733 | D:12     | Reached XP level 13. HP: 48/51 MP: 11/22
 31825 | D:12     | Noticed Sonja
 31915 | D:12     | Paralysed by a wizard for 2 turns
 32034 | D:12     | Killed Sonja
 32911 | D:12     | Reached skill level 13 in Stealth
 32978 | D:12     | You fall into a shaft and drop 3 floors!
 32978 | D:15     | Entered Level 15 of the Dungeon
 33254 | D:12     | Cast into level 2 of the Abyss (a wizard)
 33467 | Abyss:2  | Noticed a green death
 33468 | Abyss:2  | Noticed a starcursed mass
 33470 | Abyss:2  | Noticed a blizzard demon
 33487 | Abyss:2  | Noticed an angel
 33514 | Abyss:2  | HP: 1/52 [smoke demon/sticky flame (3)]
 33516 | Abyss:2  | Mangled by an angel
 33517 | Abyss:2  | Reached XP level 12. HP: -8/49 MP: 21/22
 33569 | Abyss:2  | Noticed a tentacled starspawn
 33649 | Abyss:2  | Killed from afar by a wretched star
 33650 | Abyss:2  | Reached XP level 11. HP: -5/45 MP: 21/21
 33729 | Abyss:2  | Noticed a thrashing horror
 33768 | Abyss:2  | Noticed a tentacled starspawn
 33870 | Abyss:2  | Noticed a sixfirhy
 33876 | Abyss:2  | Slain by a sixfirhy

Levels and vault maps discovered:
D:1:      psy_arrival_wood_between_worlds, layout_basic
D:2:      layout_loops_ring
D:3:      layout_basic, uniq_sigmund, uniq_jessica
D:4:      layout_cave_pools, uniq_edmund, uniq_blork_the_orc
D:5:      layout_loops_ring, nicolae_qazlal_eye_of_the_storm, first_ration,
          trog_book, uniq_pikel, uniq_crazy_yiuf_cottage
D:6:      layout_layer_cave, chequers_temple_overflow_statue_of_worship,
          minmay_temple_entry_butterflies, hangedman_feature_mirror,
          uniq_prince_ribbit1
D:7:      layout_cave_pods, overflow_temple_1_default,
          gammafunk_ghost_stat_death
D:8:      layout_basic, marbit_many_paths, david_lair_shrubbed, serial_shops,
          nicolae_shop_window_shopping
D:9:      layout_small_grid, kennysheep_mini, uniq_psyche
D:10:     layout_rooms, uniq_erolcha
D:11:     layout_loops_ring, zombieorc2_lemuel, serial_shops, shop
D:12:     minmay_tri_stars, layout_loops_ring, enter_trove_2, uniq_josephine,
          uniq_sonja, uniq_rupert, uniq_frances
D:13:     layout_grid_maze
D:14:     layout_long_grid, david_vaults_3, corexii_corridor_pit,
          enter_bailey_2, serial_shops, statue_bzr, gammafunk_ghost_grave
D:15:     grunt_enter_depths_hoard, layout_cross, corexii_leaking_fountain,
          grunt_decor_mini_mirrors, minmay_misc_feat_hallway,
          corexii_corridor_pit, minmay_diced_spiral
Temple:   regret_index_temple_generic_petals
Lair:1:   dragon1_lemuel, layout_cave_pods, gammafunk_ghost_ooze,
          eino_small_chamber_without_monster, grunt_megastairs_5
Lair:2:   gammafunk_lair_enchanted_lake, layout_regular_city,
          infiniplex_staircase_pool_2
Lair:3:   lemuel_ratsnest, layout_gridlike
Lair:4:   layout_roguey, minmay_shoals_entry_beasts,
          minmay_snake_entry_six_corridors, basic_altar, enter_volcano_3,
          chequers_serial_rivers_room_a, minmay_lair_oklob_bushes,
          grunt_forest_stairs_clearing, lemuel_fruit_fields, uniq_nessos
Lair:5:   layout_regular_city
Lair:6:   wormcave, layout_regular_city, slime_altar_1,
          grunt_forest_large_clearings
Abyss:2:  base: Bailey, serial_sigils_hangedman_gut, evilmike_abyss_exit_14,
          abyss_furniture_001

Skill      XL: |  1  2  3  4  5  6  7  8  9 10 11 12 13 |
---------------+----------------------------------------+-----
Stealth        | 3 4 5 7 9 10 12 13 | 13.0
Dodging        | 3 4 6 8 |  8.5
Earth Magic    | 3 4 5 6 7 8 9 |  9.7
Conjurations   | 1 2 3 5 6 7 8 9 |  9.7
Spellcasting   | 3 5 6 |  6.1
Invocations    | 1 3 5 8 9 |  9.2
Evocations     | 3 4 |  4.0
Transmutations | 3 5 7 |  7.0
Poison Magic   | 1 3 |  3.0
Fire Magic     | 1 3 |  3.1
Air Magic      | 3 2 |  3.0
Fighting       | 3 |  3.9

Action                   |  1- 3 |  4- 6 |  7- 9 | 10-12 | 13-15 || total
-------------------------+-------+-------+-------+-------+-------++-------
Melee: Unarmed           |    17 |    31 |    19 |   127 |     2 ||   196
       Bite              |     2 |     1 |       |    13 |       ||    16
 Cast: Sandblast         |    66 |   104 |    65 |   266 |    27 ||   528
       Stone Arrow       |       |    13 |   107 |   319 |    10 ||   449
       Conjure Flame     |       |       |       |    20 |     8 ||    28
       Petrify           |       |       |       |    50 |     1 ||    51
       Sticky Flame      |       |       |       |    11 |     9 ||    20
       Magic Dart        |       |       |       |    32 |    22 ||    54
Invok: Channel Magic     |       |       |       |     6 |       ||     6
Evoke: Wand              |       |       |    10 |    26 |       ||    36
       Sack of spiders   |       |       |       |     2 |       ||     2
  Use: Potion            |     3 |       |     9 |     9 |     1 ||    22
       Scroll            |       |     6 |     8 |    25 |       ||    39
 Stab: Sleeping          |     1 |     3 |     6 |    10 |       ||    20
       Paralysed         |       |       |     2 |     3 |       ||     5
       Petrified         |       |       |       |    67 |     2 ||    69
       Distracted        |       |       |       |     2 |       ||     2
       Petrifying        |       |       |       |     1 |       ||     1
  Eat: Chunk             |    10 |     4 |    25 |    57 |     9 ||   105
       Ration            |       |       |       |     2 |       ||     2
Armor: Skin              |     3 |     5 |     5 |     8 |     2 ||    23
Dodge: Dodged            |    37 |    60 |   109 |   292 |    34 ||   532
